 Dungeon Crawl Stone Soup version 0.25.1-8-g42b30a86e7 (webtiles) character file.

Game seed: 6211470411144210168

665 Fractals the Chiller (level 7, 0/52 HPs)
             Began as a Merfolk Ice Elementalist on Dec 10, 2020.
             Was a Follower of Sif Muna.
             Slain by an orc wizard
             ... wielding a +0 dagger
              (2 damage)
             ... on level 5 of the Dungeon on Dec 11, 2020.
             The game lasted 00:14:24 (5030 turns).

Fractals the Chiller (Merfolk Ice Elementalist)     Turns: 5030, Time: 00:14:25

Health: 0/52       AC:  7    Str:  9    XL:     7   Next: 57%
Magic:  0/13       EV: 13    Int: 15    God:    Sif Muna [*.....]
Gold:   161        SH:  0    Dex: 15    Spells: 6/14 levels left

rFire    . . .     SeeInvis .   u - +3 whip
rCold    . . .     Gourm    .   (no shield)
rNeg     . . .     Faith    .   f - +0 leather armour
rPois    .         Spirit   +   a - +2 helmet
rElec    .         Reflect  .   (no cloak)
rCorr    .         Harm     .   h - +0 pair of gloves
MR       .....                  (no boots)
Stlth    ++........             i - amulet of guardian spirit
HPRegen  0.17/turn              e - ring of flight
MPRegen  0.13/turn              (no ring)

@: no status effects
A: change form in water, swift swim, stealthy swim
a: Channel Magic, Renounce Religion, Evoke Flight


You were on level 5 of the Dungeon.
You worshipped Sif Muna.
Sif Muna was aware of your devotion.
You were not hungry.

You visited 1 branch of the dungeon, and saw 5 of its levels.
You also visited: Sewer.

You collected 161 gold pieces.

Inventory:

Hand Weapons
 u - a +3 whip (weapon)
Missiles
 d - 150 stones
 m - 2 poisoned darts
 s - 44 arrows
 t - a silver boomerang (quivered)
Armour
 a - a +2 helmet (worn)
 f - a +0 leather armour (worn)
 h - a +0 pair of gloves (worn)
Jewellery
 e - a ring of flight (left hand)
 i - an amulet of guardian spirit (around neck)
Wands
 p - a wand of flame (14)
 q - a wand of polymorph (9)
Scrolls
 b - a scroll of fog
 g - 2 scrolls of identify
 j - a scroll of teleportation
Potions
 k - a potion of resistance
Comestibles
 c - 6 rations
 n - 6 chunks of flesh


   Skills:
 - Level 3.0 Fighting
 - Level 1.0 Armour
 - Level 3.0 Dodging
 - Level 4.0 Stealth
 - Level 4.0 Spellcasting
 + Level 3.5 Summonings
 - Level 6.0 Ice Magic


You had 6 spell levels left.
You knew the following spells:

 Your Spells              Type           Power        Failure   Level  Hunger
a - Freeze                Ice            ###.         1%          1    None
b - Frozen Ramparts       Ice            ###...       6%          3    ###....
c - Summon Ice Beast      Ice/Summ       ###.....     34%         4    ####...

Your spell library contained the following spells:

 Spells                   Type           Power        Failure   Level  Hunger
 Ozocubu's Armour         Chrm/Ice       ##......     22%         3    ###....
 Hailstorm                Conj/Ice       ##......     56%         4    ####...


Dungeon Overview and Level Annotations

Branches:
Dungeon (4/15)              Sewer (visited)
 Temple: D:4-7

Altars:
Makhleb
Qazlal
Ru
Sif Muna
Yredelemnul


Message History

Things that are here:
a +0 dagger; a +0 scale mail You hit the orc wizard.
The orc wizard is heavily wounded.
The frozen ramparts melt away.
The orc wizard gestures wildly while chanting.
The orc wizard blinks!
The orc wizard gestures wildly while chanting.
The orc wizard blinks!
The orc wizard points at you and mumbles some strange words.
The magic dart hits you!
* * * LOW HITPOINT WARNING * * *
The orc wizard gestures at you while chanting.
The magic dart hits you!
* * * LOW HITPOINT WARNING * * *
Some of the chunks of flesh in your inventory have rotted away.
You closely miss the orc wizard.
The orc wizard is heavily wounded.
The orc wizard hits you with a +0 dagger.
You die...

### .# #.. .. #
####.###.## .
.......... .
#...##.###
.###........########
.#.÷............÷..#
.#.#...#...........#
.)÷#............@..#
................o..#
...##..............#
#####.............÷#
##........)....#
##.############ #..
#.#. #.:..


You could see an orc wizard.

Vanquished Creatures
  A centaur (D:5)
  A crocodile (Sewer)
  2 hounds
  2 orc wizards
  6 orc priests
  A worker ant (D:4)
  3 hound skeletons
  4 adders
  6 worms
  3 dart slugs
  2 leopard geckos
  17 orcs
  3 giant cockroaches
  5 goblins
  4 hobgoblins
  7 jackals
  A quokka (D:2)
  A ball python (D:3)
  9 bats
  5 frilled lizards
  A jackal skeleton (D:4)
  6 kobolds
  A quokka skeleton (D:4)
  7 rats
98 creatures vanquished.

Notes
Turn   | Place    | Note
-------+----------+-------------------------------------------
     0 | D:1      | Fractals the Merfolk Ice Elementalist began the quest for
                  | the Orb.
     0 | D:1      | Reached XP level 1. HP: 13/13 MP: 3/3
   442 | D:1      | Reached XP level 2. HP: 20/20 MP: 1/5
   857 | D:1      | Reached skill level 1 in Fighting
  1591 | D:2      | Reached XP level 3. HP: 16/26 MP: 6/6
  1605 | D:2      | Learned a level 3 spell: Frozen Ramparts
  2358 | D:3      | Found a basalt altar of Yredelemnul.
  2438 | D:3      | Reached skill level 5 in Ice Magic
  2438 | D:3      | Reached XP level 4. HP: 29/33 MP: 0/8
  2770 | D:3      | Reached XP level 5. HP: 37/38 MP: 9/9
  2868 | D:3      | Found a glowing drain.
  2890 | Sewer    | Entered a sewer
  2942 | Sewer    | Noticed a crocodile
  2952 | Sewer    | Killed a crocodile
  3245 | D:3      | Reached skill level 6 in Ice Magic
  3245 | D:3      | Reached XP level 6. HP: 26/44 MP: 7/11
  3894 | D:3      | Found a shimmering blue altar of Sif Muna.
  3894 | D:3      | Found a sacrificial altar of Ru.
  3895 | D:3      | Found a stormy altar of Qazlal.
  3899 | D:3      | Found a burning altar of Makhleb.
  3909 | D:3      | Became a worshipper of Sif Muna the Loreminder
  4490 | D:3      | Reached skill level 1 in Armour
  4558 | D:3      | Learned a level 4 spell: Summon Ice Beast
  4571 | D:3      | Reached XP level 7. HP: 38/52 MP: 5/13
  4688 | D:4      | Reached skill level 1 in Summonings
  4828 | D:4      | You fall into a shaft and drop 1 floor!
  4828 | D:5      | Entered Level 5 of the Dungeon
  5021 | D:5      | Reached * piety under Sif Muna
  5029 | D:5      | HP: 1/52 [orc wizard/magic dart (3)]
  5030 | D:5      | Slain by an orc wizard

Illustrated notes

Levels and vault maps discovered:
D:1:      elethiomel_arrival_infinity_welcomes_careful_drivers, layout_basic,
          serial_park_tiny_2
D:2:      layout_basic, first_ration, nrook_uturn, st_stairs_6,
          interstate_on_off
D:3:      layout_basic, minitemple, lemuel_crystal_altar,
          cheibrodos_sewer_entry_bend, minmay_bisected
D:4:      layout_cave_pools, skrybe_limestone_x, uniq_sigmund
D:5:      layout_loops_cross

Skill      XL: |  1  2  3  4  5  6  7 |
---------------+----------------------+-----
Fighting       | 1 2 3 |  3.0
Stealth        | 3 4 |  4.0
Ice Magic      | 5 6 |  6.0
Spellcasting   | 3 4 |  4.0
Dodging        | 3 |  3.0
Armour         | 1 |  1.0
Summonings     | 3 |  3.5

Action                   |  1- 3 |  4- 6 |  7- 9 || total
-------------------------+-------+-------+-------++-------
Melee: Short sword       |    34 |       |       ||    34
       Dagger            |    34 |       |       ||    34
       Spear             |    50 |    77 |       ||   127
       Tailslap          |       |     1 |       ||     1
       Whip              |       |    69 |    30 ||    99
Throw: Stone             |     5 |     2 |       ||     7
       Boomerang         |       |     1 |    13 ||    14
 Cast: Freeze            |    18 |     1 |       ||    19
       Frozen Ramparts   |     1 |    13 |     6 ||    20
  Use: Scroll            |     3 |     5 |       ||     8
       Potion            |     1 |       |     3 ||     4
 Stab: Sleeping          |     6 |     3 |       ||     9
  Eat: Chunk             |     5 |     8 |       ||    13
       Ration            |       |     1 |       ||     1
Armor: Leather armour    |    30 |    54 |    16 ||   100
Dodge: Dodged            |    68 |   112 |    43 ||   223
